 Dungeon Crawl Stone Soup version 0.30-a0-372-g0ce2686038 (webtiles) character file.

Game seed: 13028249887937918437

144379 LetschGu the Grappler (level 16, -3/145 (153) HPs)
             Began as a Troll Transmuter on Nov 23, 2022.
             Was the Champion of Wu Jian.
             Slain by a wolf spider simulacrum (11 damage)
             ... on level 3 of the Spider Nest.
             The game lasted 02:45:37 (35483 turns).

LetschGu the Grappler (Troll Transmuter)           Turns: 35483, Time: 02:45:45

HP:   -3/145 (153)  AC: 11    Str: 22    XL:     16   Next: 84%
MP:   0/27          EV: 12    Int: 15    God:    Wu Jian [******]
Gold: 1295          SH:  0    Dex: 10    Spells: 5/32 levels left

rFire   . . .      SeeInvis +      - Unarmed
rCold   . . .      Faith    .    (no shield)
rNeg    . . .      Spirit   +    M - +0 steam dragon scales
rPois   .          Reflect  .    (helmet restricted)
rElec   .          Harm     .    E - +2 cloak {Will+}
rCorr   .          Rampage  .    (gloves unavailable)
Will    ++...                    (boots unavailable)
Stlth   +.........               H - amulet of guardian spirit
HPRegen 1.24/turn                x - ring of see invisible
MPRegen 0.20/turn                u - ring of wizardry

@: very slightly contaminated, drained
A: large, unfitting armour, claws 3, regeneration 1, shaggy fur 1, tough skin 1
a: Renounce Religion, Wall Jump, Serpent's Lash, Heavenly Storm


You were on level 3 of the Spider Nest.
You worshipped Wu Jian.
Wu Jian was exalted by your worship.
You visited 5 branches of the dungeon, and saw 27 of its levels.
You visited 1 bazaar.
You also visited: Bailey and Ice Cave.

You collected 4205 gold pieces.
You spent 2910 gold pieces at shops.

Inventory:

Hand Weapons
 a - a +3 sling of freezing
Missiles
 f - a curare-tipped dart
 C - 3 silver javelins
 R - 27 large rocks (quivered)
 T - a throwing net
 U - 23 javelins
Armour
 b - a +2 kite shield
 g - +0 acid dragon scales
 h - +0 swamp dragon scales
 n - a +2 robe of willpower
 E - a +2 cloak of willpower (worn)
 M - +0 steam dragon scales (worn)
 P - a +0 troll leather armour
Jewellery
 u - a ring of wizardry (right claw)
 w - a ring of flight
 x - a ring of see invisible (left claw)
 H - an amulet of guardian spirit (around neck)
 K - a ring of protection from cold
 N - a ring of resist corrosion
 V - the ring "Rugiudi" {Int+6 Dex+6}
   (You found it on level 3 of the Lair of Beasts)

   [ring of dexterity]

   Int:       It affects your intelligence (+6).
   Dex:       It affects your dexterity (+6).
 W - a ring of protection from fire
 Z - the ring of Joeriagi {MP+9 Int+2 Slay+3}
   (You took it off an orc priest on level 15 of the Dungeon)

   [ring of magical power]

   Int:       It affects your intelligence (+2).
   Slay:      It affects your accuracy & damage with ranged weapons and melee
   (+3).
   MP:        It affects your magic capacity (+9).
Wands
 q - a wand of iceblast (3)
 r - a wand of quicksilver (22)
 X - a wand of mindburst (5)
Scrolls
 d - 2 scrolls of amnesia
 i - 5 scrolls of noise
 l - 4 scrolls of poison
 p - 6 scrolls of fear
 s - 6 scrolls of immolation
 y - a scroll of magic mapping
 B - 2 scrolls of vulnerability
 G - 2 scrolls of blinking
 I - a scroll of enchant weapon
 Q - 8 scrolls of teleportation
 S - a scroll of summoning
 Y - 2 scrolls of enchant armour
Potions
 c - 3 potions of berserk rage
 e - 4 potions of magic
 j - 5 potions of flight
 k - 7 potions of mutation
 m - 3 potions of attraction
 o - 7 potions of brilliance
 t - 10 potions of curing
 v - 6 potions of heal wounds
 z - 4 potions of might
 A - 5 potions of haste
 D - 2 potions of ambrosia
 F - a potion of invisibility
 J - 5 potions of lignification
 O - 4 potions of cancellation
Miscellaneous
 L - a lightning rod (4/4)


   Skills:
 + Level 8.6 Fighting
 - Level 4.1 Armour
 + Level 8.7 Dodging
 + Level 3.2 Shields
 * Level 14.5 Unarmed Combat
 + Level 8.8 Spellcasting
 - Level 5.1 Translocations
 * Level 10.2 Transmutations
 - Level 4.6 Ice Magic
 - Level 3.2 Air Magic
 * Level 9.5 Earth Magic


You had 5 spell levels left.
You knew the following spells:

 Your Spells              Type           Power      Damage    Failure   Level
a - Manifold Assault      Tloc           22%        N/A       5%          4
b - Wereblood             Tmut           37%        N/A       1%          2
c - Ice Form              Ice/Tmut       28%        N/A       2%          4
d - Passwall              Tmut/Erth      30%        N/A       1%          2
e - Passage of Golubria   Tloc           22%        N/A       5%          4
f - Vhi's Electric Charg  Tloc/Air       38%        N/A       2%          3
g - Blink                 Tloc           44%        N/A       1%          2
h - Statue Form           Tmut/Erth      24%        N/A       12%         6

Your spell library contained the following spells:

 Spells                   Type           Power      Damage    Failure   Level
 Beastly Appendage        Tmut           74%        N/A       1%          1
 Freeze                   Ice            80%        1d9       1%          1
 Sandblast                Erth           70%        2d15      1%          1
 Frozen Ramparts          Ice            40%        1d7       1%          3
 Gell's Gravitas          Tloc           22%        N/A       1%          3
 Lesser Beckoning         Tloc           44%        N/A       1%          3
 Ozocubu's Armour         Ice            20%        N/A       1%          3
 Spider Form              Tmut/Pois      21%        N/A       1%          3
 Stone Arrow              Conj/Erth      40%        3d9       1%          3
 Teleport Other           Tloc           22%        N/A       1%          3
 Petrify                  Tmut/Erth      36%        N/A       1%          4
 Ignite Poison            Fire/Tmut/Pois 16%        N/A       3%          3
 Necrotise                Necr           24%        1d5       4%          1
 Summon Small Mammal      Summ           24%        N/A       4%          1
 Kindle Blastsparks       Fire/Tloc/Air  28%        2d12      4%          3
 Hailstorm                Conj/Ice       13%        3d5       5%          3
 Leda's Liquefaction      Hex/Erth       10%        N/A       6%          4
 Scorch                   Fire           12%        2d6       7%          2
 Call Canine Familiar     Summ           6%         N/A       13%         3
 Dazzling Flash           Conj/Hex       12%        N/A       13%         3
 Summon Guardian Golem    Hex/Summ       6%         N/A       13%         3
 Tukima's Dance           Hex            6%         N/A       13%         3
 Vampiric Draining        Necr           6%         2d6       13%         3
 Summon Ice Beast         Ice/Summ       13%        N/A       16%         4
 Yara's Violent Unravell  Hex/Tmut       10%        3d6       16%         5
 Anguish                  Hex/Necr       3%         N/A       38%         4
 Cause Fear               Hex            3%         N/A       38%         4
 Flame Wave               Conj/Fire      6%         2d5       38%         4
 Freezing Cloud           Conj/Ice/Air   7%         6-21      38%         5
 Metabolic Englaciation   Hex/Ice        6%         N/A       41%         5
 Silence                  Hex/Air        5%         N/A       52%         5
 Agony                    Necr           6%         N/A       73%         5
 Dragon Form              Tmut           18%        N/A       45%         7
 Dispersal                Tloc           11%        N/A       58%         6
 Iron Shot                Conj/Erth      10%        9d3       65%         6
 Storm Form               Tmut/Air       13%        N/A       90%         7
 Summon Cactus Giant      Summ           3%         N/A       99%         6
 Ozocubu's Refrigeration  Ice            10%        4d9       99%         7
 Enfeeble                 Hex            3%         N/A       100%        7
 Malign Gateway           Summ/Tloc      7%         N/A       100%        7
 Disjunction              Tloc           11%        N/A       100%        8
 Dragon's Call            Summ           3%         N/A       100%        9


Dungeon Overview and Level Annotations

Branches:
Dungeon (15/15)            Temple (1/1) D:7            Lair (5/5) D:11
 Shoals (0/4) Lair:3       Spider (4/4) Lair:3        Slime (0/5) Lair:5
    Orc (2/2) D:10            Elf (0/3) Orc:2        Vaults (0/5) D:14
 Depths (0/4) D:15         Bailey (visited)           IceCv (visited)

Altars:
Ashenzari
Cheibriados
Dithmenos
Elyvilon
Fedhas
Gozag
Hepliaklqana
Kikubaaqudgha
Makhleb
Nemelex Xobeh
Okawaru
Qazlal
Ru
Sif Muna
Trog
Uskayaw
Vehumet
Wu Jian
Xom
Yredelemnul
Zin
The Shining One
Jiyva

Shops:
D:2 ?   D:10 **   D:13 *   D:14 (!(   Orc:2 ::(:

Portals:
Trove: D:11 (give horn of Geryon)

Annotations:
D:13 2 transporters, Tutankhamun's ghost, journeyman DsBe
D:14 1 runed translucent door, exclusion: wizard, Odeis's ghost, journeyman OpCK
Lair:5 exclusion: 6 oklob plants
Spider:4 1 transporter, Lurphuyll's ghost, adept SpEn


Innate Abilities, Weirdness & Mutations

You are too large for most types of armour.
You have claws for hands.
Your natural rate of healing is unusually fast.
You are covered in fur. (AC +1)
You have tough skin. (AC +1)


Message History

The wolf spider is almost dead.
The wolf spider hits you but does no damage.
The wolf spider barely misses you.
You closely miss the wolf spider.
The wolf spider is almost dead.
The wolf spider hits you but does no damage.
The wolf spider bites you but does no damage.
You closely miss the wolf spider. You claw the wolf spider.
You kill the wolf spider!
The Council accepts your kill.
A freezing mist starts to gather...
A wolf spider simulacrum comes into view.
The wolf spider simulacrum barely misses you.
The wolf spider simulacrum bites you. The wolf spider simulacrum freezes you!
You scratch the wolf spider simulacrum. You claw the wolf spider simulacrum.
The wolf spider simulacrum is lightly damaged.
The wolf spider simulacrum barely misses you. x2
You claw the wolf spider simulacrum! x2
The wolf spider simulacrum is almost destroyed.
The wolf spider simulacrum hits you.
The wolf spider simulacrum freezes you!!
* * * LOW HITPOINT WARNING * * *
The wolf spider simulacrum bites you.
* * * LOW HITPOINT WARNING * * *
The wolf spider simulacrum freezes you!!
* * * LOW HITPOINT WARNING * * *
You barely miss the wolf spider simulacrum.
The wolf spider simulacrum is almost destroyed.
The wolf spider simulacrum closely misses you.
The wolf spider simulacrum misses you.
Unknown command.
Okay, then.
You feel much better. The wolf spider simulacrum hits you!
* * * LOW HITPOINT WARNING * * *
The wolf spider simulacrum freezes you!
* * * LOW HITPOINT WARNING * * *
The wolf spider simulacrum bites you.
* * * LOW HITPOINT WARNING * * *
The wolf spider simulacrum freezes you!
You die...

........#####.......#
##...
.........####.......#
#...
..........##........##
##..
.......##^.#.........#
#..
.......###...........#
##.
.......##.........^..#
#.
.......#.............#
#.
......##.###........##
## .....#####
#^...@Z.## ...###
###>..### #### #####


You could see a wolf spider simulacrum.

Vanquished Creatures
  Nikola (Spider:2)
  Arachne (Spider:2)
  Kirke (D:11)
  2 ghost moths
  An emperor scorpion (Spider:3)
  A frost giant (D:10)
  An orc warlord (D:15)
  A stone giant (D:15)
  Nessos (D:12)
  2 broodmothers
  The ghost of Qeifat the Grappler, a journeyman TrGl of Zin (Lair:2)
  A spark wasp (Spider:2)
  An ice dragon (D:10)
  6 entropy weavers
  3 centaur warriors
  Erolcha (D:12)
  8 hydras
  The ghost of Omyecom the Carver, a journeyman DsFi of Okawaru (D:15)
  2 vault guards (Bailey)
  2 radroaches
  A catoblepas (Lair:5)
  Erica (D:10)
  9 boulder beetles
  6 two-headed ogres
  Urug (Lair:3)
  13 death yaks
  7 skeletal warriors
  The ghost of tailblues the Insei, a novice DgTm (D:7)
  3 pharaoh ants
  3 steelbarb worms
  A sun moth (Spider:2)
  4 orb spiders
  A bog body (IceCv)
  2 lindwurms (Lair:5)
  A wizard (D:15)
  A phantasmal warrior (D:14)
  3 deep elf pyromancers
  2 necromancers
  6 orc knights
  12 wolf spiders
  An orc sorcerer (Orc:2)
  8 ugly things
  3 manticores
  4 cyclopes
  2 moths of wrath (Spider:3)
  9 oklob plants
  5 elephants (Lair:5)
  Joseph (D:7)
  3 black mambas
  3 torpor snails
  3 ice statues
  Maggie (D:6)
  A gargoyle (D:12)
  9 cane toads
  4 demonic crawlers
  8 rime drakes
  15 komodo dragons
  An efreet (D:13)
  5 anaconda simulacra (IceCv)
  6 ice devils (IceCv)
  2 tengu conjurers
  7 trolls
  12 tarantellas
  3 polar bears
  A wind drake (Lair:3)
  Prince Ribbit (Bailey)
  2 hornets
  12 slime creatures
  8 dream sheep (Lair:5)
  A blink frog (Lair:5)
  7 culicivoras
  13 jumping spiders
  3 shadows
  2 wraiths
  13 wyverns
  2 dire elephant simulacra (IceCv)
  A spriggan (Lair:4)
  58 yaks
  4 hogs
  3 humans (Bailey)
  A death yak simulacrum (IceCv)
  2 steam dragons
  54 redbacks
  Grum (D:8)
  3 vampire mosquitoes
  10 basilisks
  3 wargs
  Duvessa (D:6)
  An acid dragon (D:9)
  10 water moccasins
  3 hydra simulacra (IceCv)
  18 ice beasts
  26 orc warriors
  3 sky beasts
  3 black bears
  7 ogres
  20 centaurs
  4 wolves (D:8)
  2 kobold brigands (D:10)
  2 phantoms
  28 bullfrogs
  6 necrophages
  A gnoll sergeant (D:5)
  A scorpion (D:5)
  A cane toad simulacrum (IceCv)
  A wyvern zombie (D:7)
  2 water moccasin zombies (D:7)
  8 wights
  Dowan (D:6)
  2 elephant simulacra (D:13)
  15 killer bees
  6 howler monkeys
  6 electric eels (D:10)
  3 bullfrog zombies (D:7)
  3 gnoll boudas
  9 orc priests
  2 hounds
  3 centaur zombies (D:7)
  6 jellies
  6 iguanas
  22 orc wizards
  2 hell rats (Lair:3)
  4 killer bee zombies (D:7)
  3 troll simulacra (D:13)
  2 howler monkey zombies (D:7)
  17 gnolls
  8 adders
  4 naga simulacra
  2 shadow imps (D:7)
  3 white imps
  A worm (D:4)
  3 dart slugs
  89 orcs
  6 ball pythons
  6 endoplasms
  8 giant cockroaches
  14 goblins
  7 hobgoblins
  3 jackals (D:3)
  2 quokkas
  4 bats
  2 frilled lizards
  14 kobolds
  13 rats
  A bush (D:5)
  A butterfly (Lair:1)
888 creatures vanquished.

Vanquished Creatures (others)
  An orc knight (Orc:2)
  11 orc warriors (Orc:2)
  2 centaurs (Orc:2)
  An orc priest (Orc:2)
  An orc wizard (Orc:2)
  4 orcs (Orc:2)
  5 bushes
  21 fungi
  43 plants
  6 withered plants
95 creatures vanquished.

Grand Total: 983 creatures vanquished

Notes
Turn   | Place    | Note
-------+----------+-------------------------------------------
     0 | D:1      | LetschGu the Troll Transmuter began the quest for the Orb.
     0 | D:1      | Reached XP level 1. HP: 18/18 MP: 1/1
   100 | D:1      | Reached XP level 2. HP: 26/26 MP: 3/3
   195 | D:1      | Learned a level 2 spell: Wereblood
   257 | D:1      | Reached skill level 1 in Fighting
   542 | D:1      | Reached XP level 3. HP: 33/33 MP: 2/4
   784 | D:2      | Found Gashrosis's Magic Scroll Shoppe.
   810 | D:2      | Bought a scroll of identify for 20 gold pieces
   810 | D:2      | Bought a scroll of noise for 10 gold pieces
  1390 | D:2      | Bought a scroll of magic mapping for 75 gold pieces
  1437 | D:3      | Reached XP level 4. HP: 39/41 MP: 3/5
  1502 | D:3      | Found an ornate altar of the Wu Jian Council.
  1508 | D:3      | Noticed a spectral centipede
  1508 | D:3      | Noticed a spectral black mamba
  1508 | D:3      | Noticed a spectral cane toad
  1663 | D:3      | Became a worshipper of the Wu Jian Council
  1910 | D:3      | Reached XP level 5. HP: 48/48 MP: 2/6
  1912 | D:3      | Reached skill level 4 in Unarmed Combat
  2003 | D:3      | Learned a level 4 spell: Ice Form
  2647 | D:2      | Bought a scroll of immolation for 40 gold pieces
  2647 | D:2      | Bought a scroll of identify for 20 gold pieces
  2647 | D:2      | Bought a scroll of identify for 20 gold pieces
  2887 | D:4      | Reached * piety under Wu Jian
  3460 | D:5      | Entered Level 5 of the Dungeon
  3472 | D:5      | Reached XP level 6. HP: 57/57 MP: 6/8
  3567 | D:5      | Found a basalt altar of Yredelemnul.
  3664 | D:4      | Reached skill level 1 in Ice Magic
  3871 | D:5      | Reached XP level 7. HP: 65/65 MP: 7/9
  4030 | D:5      | Reached skill level 5 in Unarmed Combat
  4685 | D:2      | Bought a scroll of summoning for 95 gold pieces
  4861 | D:6      | Learned a level 2 spell: Passwall
  4893 | D:6      | Noticed Maggie
  4912 | D:6      | Killed Maggie
  4913 | D:6      | Reached XP level 8. HP: 16/74 MP: 11/11
  5068 | D:6      | Noticed Duvessa
  5068 | D:6      | Noticed Dowan
  5506 | D:6      | Found a sparkling altar of Nemelex Xobeh.
  5715 | D:7      | Found a large runed translucent door.
  5715 | D:7      | Found a large runed translucent door.
  5767 | D:6      | Reached skill level 6 in Unarmed Combat
  5830 | D:7      | Reached XP level 9. HP: 68/81 MP: 9/13
  5872 | D:7      | Reached ** piety under Wu Jian
  6159 | D:7      | Found a large runed translucent door.
  6159 | D:7      | Found a large runed translucent door.
  6160 | D:7      | Noticed a deep elf pyromancer
  6323 | D:7      | Reached skill level 7 in Unarmed Combat
  6327 | D:7      | Noticed a deep elf pyromancer
  6332 | D:7      | Killed a deep elf pyromancer
  6333 | D:7      | Reached skill level 5 in Transmutations
  6506 | D:7      | Noticed Joseph
  6522 | D:7      | Killed Joseph
  6522 | D:7      | Reached *** piety under Wu Jian
  6523 | D:7      | Reached XP level 10. HP: 83/92 MP: 9/15
  6760 | D:7      | Got the Grimoire of Telluric Displacement
  6773 | D:7      | Found a runed translucent gate.
  6774 | D:7      | Found a runed translucent gate.
  6774 | D:7      | Found a runed translucent gate.
  6781 | D:7      | Noticed tailblues's ghost (novice DgTm)
  6845 | D:7      | Found a staircase to the Ecumenical Temple.
  6903 | D:7      | Paralysed by a hornet for 1 turns
  6993 | D:7      | Found a blossoming altar of Fedhas.
  7313 | Temple   | Entered the Ecumenical Temple
  7595 | D:8      | Found a stormy altar of Qazlal.
  7683 | D:8      | Learned a level 3 spell: Frozen Ramparts
  7907 | D:8      | Learned a level 1 spell: Sandblast
  8053 | D:8      | Found a radiant altar of Vehumet.
  8071 | D:8      | Reached skill level 1 in Earth Magic
  8073 | D:8      | Noticed Grum
  8168 | D:8      | Killed Grum
  8539 | D:8      | Reached skill level 8 in Unarmed Combat
  8965 | D:9      | Noticed a two-headed ogre
  8965 | D:9      | Noticed a two-headed ogre
  9056 | D:9      | Found a flagged portal.
  9066 | Bailey   | Entered a bailey
  9141 | Bailey   | Reached **** piety under Wu Jian
  9142 | Bailey   | Reached skill level 5 in Spellcasting
  9386 | Bailey   | Reached XP level 11. HP: 101/101 MP: 5/17
  9741 | Bailey   | Noticed a vault guard
  9760 | Bailey   | Killed a vault guard
  9769 | Bailey   | Noticed Prince Ribbit
  9770 | Bailey   | Noticed a vault guard
  9783 | Bailey   | Killed a vault guard
  9791 | Bailey   | Killed Prince Ribbit
 10007 | D:10     | Entered Level 10 of the Dungeon
 10025 | D:9      | Reached skill level 5 in Dodging
 10344 | D:10     | Reached skill level 9 in Unarmed Combat
 10347 | D:10     | Found Bippogin's Mayhem Merchandise.
 10470 | D:9      | Found a sacrificial altar of Ru.
 10495 | D:9      | Killed a two-headed ogre
 10518 | D:9      | Killed a two-headed ogre
 10682 | D:9      | Reached skill level 5 in Fighting
 10734 | D:9      | Reached ***** piety under Wu Jian
 10971 | D:9      | Found a snail-covered altar of Cheibriados.
 11170 | D:9      | Learned a level 3 spell: Vhi's Electric Charge
 11222 | D:10     | Found a staircase to the Orcish Mines.
 11387 | D:9      | Reached XP level 12. HP: 90/111 MP: 5/19
 11610 | D:10     | Found a shimmering altar of Xom.
 11662 | D:10     | Found Bilepam's Fire Supplies.
 11724 | D:10     | Reached skill level 1 in Translocations
 11932 | D:10     | Reached skill level 1 in Air Magic
 11932 | D:10     | Reached skill level 5 in Earth Magic
 11944 | D:10     | Noticed a frost giant
 11993 | D:10     | Killed a frost giant
 12058 | D:10     | Noticed an ice dragon
 12067 | D:10     | Killed an ice dragon
 12068 | D:10     | Reached skill level 10 in Unarmed Combat
 12246 | D:10     | Noticed Erica
 12294 | D:10     | Killed Erica
 12392 | D:10     | Found a glowing silver altar of Zin.
 12712 | D:11     | Noticed a two-headed ogre
 12724 | D:11     | Killed a two-headed ogre
 13000 | D:11     | Identified the +2 ring mail of Fun and Games {Stlth+}
 13002 | D:11     | Found a portal to a secret trove of treasure.
 13034 | D:11     | Found a staircase to the Lair.
 13207 | D:11     | Noticed a boulder beetle
 13224 | D:11     | Killed a boulder beetle
 13605 | D:12     | Noticed Nessos
 13624 | D:12     | Killed Nessos
 13636 | D:12     | Noticed Erolcha
 13681 | Lair:1   | Entered Level 1 of the Lair of Beasts
 15317 | Lair:2   | Found a large runed translucent door.
 15317 | Lair:2   | Found a large runed translucent door.
 15321 | Lair:2   | Noticed Qeifat's ghost (journeyman TrGl)
 15328 | Lair:2   | Reached XP level 13. HP: 120/120 MP: 15/21
 15809 | Lair:3   | Identified the ring "Rugiudi" {Int+6 Dex+6}
 16132 | Lair:3   | Found a hole to the Spider Nest.
 16180 | Lair:3   | Found a staircase to the Shoals.
 16379 | Lair:3   | Noticed Urug
 16392 | Lair:3   | Killed Urug
 16415 | Lair:3   | Reached skill level 11 in Unarmed Combat
 17377 | Spider:1 | Entered Level 1 of the Spider Nest
 18353 | Lair:4   | Reached ****** piety under Wu Jian
 18715 | Lair:5   | Entered Level 5 of the Lair of Beasts
 19235 | Lair:4   | Reached XP level 14. HP: 129/131 MP: 11/24
 19503 | Lair:4   | Reached skill level 1 in Armour
 19652 | Lair:5   | Reached skill level 12 in Unarmed Combat
 20818 | Lair:5   | Identified the +11 whip "Buicat" {freeze, rN+}
 21144 | Lair:5   | Found a staircase to the Slime Pits.
 21145 | Lair:5   | Found a viscous altar of Jiyva.
 21396 | Lair:5   | Identified a scroll of acquirement
 21397 | Lair:5   | Acquired 628 gold pieces
 21902 | Orc:1    | Entered Level 1 of the Orcish Mines
 22203 | Orc:2    | Entered Level 2 of the Orcish Mines
 22203 | Orc:2    | Found a staircase to the Elven Halls.
 22388 | Orc:2    | Found a flickering gateway to a bazaar.
 22398 | Bazaar   | Entered a bazaar
 22406 | Bazaar   | Found Xaghar's Antique Armour Shop.
 22432 | Bazaar   | Found Deecreev's Jewellery Shop.
 22440 | Bazaar   | Bought a ring of wizardry for 570 gold pieces
 22440 | Bazaar   | Bought a ring of see invisible for 285 gold pieces
 23008 | Orc:2    | Found Mafed's Book Shoppe.
 23008 | Orc:2    | Found Wuurai's Antique Weapon Boutique.
 23008 | Orc:2    | Found Xyilug's Book Shop.
 23011 | Orc:2    | Found Dyricsyre's Book Emporium.
 23023 | Orc:2    | Bought a book of Sloth for 396 gold pieces
 23025 | Orc:2    | Bought an Inescapable Atlas for 384 gold pieces
 23418 | D:10     | Learned a level 2 spell: Blink
 23425 | D:10     | Learned a level 4 spell: Manifold Assault
 23430 | D:10     | Learned a level 4 spell: Passage of Golubria
 23675 | D:12     | Noticed Kirke
 23723 | D:12     | Noticed a sphinx
 23732 | D:11     | Killed Kirke
 23836 | D:12     | Killed Erolcha
 23986 | D:12     | Reached XP level 15. HP: 140/140 MP: 22/26
 24479 | D:13     | Found a frozen archway.
 24497 | IceCv    | Entered an ice cave
 25143 | D:13     | Reached skill level 13 in Unarmed Combat
 25422 | D:13     | Noticed Tutankhamun's ghost (journeyman DsBe)
 25427 | D:13     | Found a transporter.
 25432 | D:13     | Found a bloodstained altar of Trog.
 25442 | D:13     | Found a transporter.
 25621 | D:13     | Found Plog's General Store.
 25629 | D:13     | Bought a potion of curing for 45 gold pieces
 25629 | D:13     | Bought a scroll of amnesia for 60 gold pieces
 25629 | D:13     | Bought a potion of lignification for 45 gold pieces
 25629 | D:13     | Bought a potion of lignification for 45 gold pieces
 25629 | D:13     | Bought a scroll of poison for 60 gold pieces
 25674 | D:13     | You fall into a shaft and drop 2 floors!
 25674 | D:15     | Entered Level 15 of the Dungeon
 25693 | D:14     | Found Qaasiuk's Distillery.
 26093 | D:14     | Found Cuivun's Weapon Boutique.
 26153 | D:14     | Found a runed translucent door.
 26155 | D:14     | Noticed Odeis's ghost (journeyman OpCK)
 26156 | D:14     | Identified the +2 trident of Viyseyh {vorpal, Int+3}
 26176 | D:14     | Found Imadipn's Distillery.
 26180 | D:14     | Bought a potion of curing for 36 gold pieces
 26180 | D:14     | Bought a potion of curing for 36 gold pieces
 26180 | D:14     | Bought a potion of haste for 120 gold pieces
 26180 | D:14     | Bought a potion of mutation for 96 gold pieces
 26180 | D:14     | Bought a potion of curing for 36 gold pieces
 26275 | D:14     | Bought a potion of curing for 39 gold pieces
 26275 | D:14     | Bought a potion of berserk rage for 65 gold pieces
 26275 | D:14     | Bought a potion of heal wounds for 65 gold pieces
 26275 | D:14     | Bought a potion of berserk rage for 65 gold pieces
 26275 | D:14     | Bought a potion of might for 52 gold pieces
 26275 | D:14     | Bought a potion of haste for 130 gold pieces
 26795 | D:14     | Found Mampuntu's Antique Weapon Emporium.
 26960 | D:14     | Found a gate to the Vaults.
 27016 | D:14     | Found an iron altar of Okawaru.
 28036 | D:15     | Found a staircase to the Depths.
 28309 | D:15     | Reached skill level 5 in Translocations
 28395 | D:15     | Identified the +0 chain mail of the Lumpy Tusks {+Inv rF+
                  | Will- Int+6}
 28495 | D:15     | Found a runed translucent gate.
 28495 | D:15     | Found a runed translucent gate.
 28496 | D:15     | Found a runed translucent gate.
 28602 | D:15     | Noticed Omyecom's ghost (journeyman DsFi)
 28870 | D:15     | Identified the ring of Joeriagi {MP+9 Int+2 Slay+3}
 29121 | D:15     | Killed Omyecom's ghost
 29362 | D:15     | Identified the +0 pair of gloves of the Pleiades {rPois
                  | Will+ Int-5}
 29622 | Lair:2   | Killed Qeifat's ghost
 29636 | Lair:2   | Learned a level 6 spell: Statue Form
 29813 | D:6      | Killed Duvessa
 29817 | D:6      | Killed Dowan
 29925 | D:7      | Killed tailblues's ghost
 30583 | Spider:1 | Reached skill level 1 in Shields
 30609 | Lair:3   | Reached XP level 16. HP: 127/152 MP: 27/27
 32358 | Spider:1 | Reached skill level 14 in Unarmed Combat
 32708 | Spider:2 | Noticed Arachne
 32853 | Spider:2 | Noticed Nikola
 32868 | Spider:2 | Killed Nikola
 33568 | Spider:2 | Killed Arachne
 33649 | Spider:2 | Reached skill level 10 in Transmutations
 35381 | Spider:4 | Entered Level 4 of the Spider Nest
 35381 | Spider:4 | Noticed Lurphuyll's ghost (adept SpEn)
 35381 | Spider:4 | Found a transporter.
 35483 | Spider:3 | Slain by a wolf spider simulacrum

Illustrated notes

Levels and vault maps discovered:
D:1:      scummos_arrival_gate, layout_loops_ring,
          nicolae_concentric_dashed_squares_mild
D:2:      layout_loops_ring, serial_shops, shop
D:3:      layout_basic, pdpol_wu_jian_five_deadly_venoms
D:4:      layout_loops_cross, minmay_misc_feat_enclosed
D:5:      layout_basic, yredelemnul_altar_generic, minmay_hedge_maze,
          kennysheep_path_1, kennysheep_pointless_box, minmay_fractal_squares_5
D:6:      layout_loops_ring, nemelex_dance_club_becter, uniq_maggie,
          uniq_duvessa
D:7:      layout_rooms, fedhas_altar_decomposition, temple_doors_e,
          serial_undead, serial_undead_b, serial_undead_d, serial_undead_f,
          serial_undead_a, serial_undead_e, serial_undead_a, serial_undead_a,
          gammafunk_ghost_split, minmay_hollow_rounded_squares, uniq_joseph
D:8:      layout_cave_pods, nicolae_qazlal_general_emergency,
          mainiacjoe_overflow_tiny_flanked, serial_park, serial_park_tiny_1,
          serial_park_tiny_pond, serial_park_tiny_2, serial_park_square2,
          serial_park_square3 [serial_park_minivault_5x5_5], serial_park_tiny_1,
          chequers_serial_rivers_small_a, eino_jars, uniq_grum
D:9:      layout_basic, marbit_many_paths, nicolae_ru_the_path_less_chosen,
          enter_bailey_5, minmay_misc_feat_rows
D:10:     minmay_twisted_water, layout_long_grid, tgw_xom,
          mainiacjoe_overflow_24_doors, special_room [special_room_orc],
          nicolae_shop_fire_sale [nicolae_sub_dead_trees], minmay_shop_mayhem,
          uniq_erica
D:11:     layout_loops_ring, lair_entry_dummy, nicolae_trove_entry_crossroad
D:12:     layout_loops_ring, uniq_erolcha, uniq_nessos, uniq_kirke
D:13:     layout_irregular_city, serial_shops, shop,
          gammafunk_ghost_wrathful_warriors,
          portal_ice_cave_entry_ice_simulacra, serial_glass, glass_columns_a,
          glass_columns_a
D:14:     layout_loops_ring, david_vaults_4, ebering_ghost_funeral_grove,
          serial_shops, nicolae_shop_competitors_out_of_business,
          nicolae_stop_n_shop_1, nicolae_lakefront_shop, nicolae_shop_trees,
          kennysheep_okawaru_gauntlet
D:15:     grunt_enter_depths_giant_problem, layout_gridville,
          biasface_ghost_orc_armoury, hangedman_decor_growths
Temple:   nicolae_temple_slightly_damp_pantheon
Lair:1:   minmay_lair_oklob_tunnel, layout_misc_corridors, lemuel_fruit_fields,
          serial_bayou_shore_b
Lair:2:   layout_cave_pods, ebering_ghost_disaster_area, special_room,
          grunt_megastairs_3
Lair:3:   layout_loops_ring, minmay_shoals_entry_beasts, dummy_spider_entry,
          special_room [special_room_mythical_zoo], uniq_urug
Lair:4:   layout_layer_cave, grunt_forest_large_clearing_hut,
          lemuel_fruit_fields, lemuel_fruit_tree
Lair:5:   hangedman_lair_in_review, layout_concentric_octagons,
          minmay_slime_entry_oklob_open, dpeg_oklob_1
Spider:1: layout_spider_delve
Spider:2: layout_spider_delve, uniq_arachne, uniq_nikola
Spider:3: layout_cave_pods
Spider:4: hellmonk_spider_rune_bug_friends, gammafunk_ghost_arena
Orc:1:    layout_diamond_mine
Orc:2:    st_orc_rangers, layout_caves, basic_altar, serial_shops, freezing_bzr

Skill      XL: |  1  2  3  4  5  6  7  8  9 10 11 12 13 14 15 16 |
---------------+-------------------------------------------------+-----
Fighting       | 1 2 3 4 5 6 7 8 |  8.6
Transmutations | 2 3 4 5 6 7 8 9 10 | 10.2
Dodging        | 2 3 4 5 6 7 8 |  8.7
Unarmed Combat | 4 5 6 7 8 9 10 11 12 13 14 | 14.5
Spellcasting   | 2 3 4 5 6 7 8 |  8.8
Ice Magic      | 1 2 3 4 |  4.6
Earth Magic    | 2 4 5 6 7 8 9 |  9.5
Translocations | 2 3 4 5 |  5.1
Air Magic      | 2 3 |  3.2
Armour         | 2 4 |  4.1
Shields        | 1 3 |  3.2

Action                   |  1- 3 |  4- 6 |  7- 9 | 10-12 | 13-15 | 16-18 || total
-------------------------+-------+-------+-------+-------+-------+-------++-------
Melee: Unarmed           |    90 |   129 |   251 |   637 |  1410 |   393 ||  2910
       Kick              |     3 |    12 |    49 |     5 |       |       ||    69
       Punch             |     2 |     3 |     8 |    11 |    55 |    29 ||   108
       Headbutt          |       |     8 |    34 |     1 |       |       ||    43
 Fire: Longbow           |       |       |       |    25 |    11 |       ||    36
       Shortbow          |       |       |       |     1 |       |       ||     1
Throw: Boomerang         |       |       |     7 |     5 |       |       ||    12
       Large rock        |       |       |       |     5 |     9 |       ||    14
       Dart              |       |       |       |     2 |     3 |       ||     5
       Throwing net      |       |       |       |     1 |       |       ||     1
 Cast: Beastly Appendage |     3 |    13 |    38 |     3 |       |       ||    57
       Wereblood         |       |     8 |    23 |    31 |    11 |     2 ||    75
       Ice Form          |       |       |     1 |    52 |    73 |    17 ||   143
       Frozen Ramparts   |       |       |       |    31 |     7 |       ||    38
       Sandblast         |       |       |       |    17 |     7 |       ||    24
       Passwall          |       |       |       |     2 |     4 |     4 ||    10
       Vhi's Electric Ch |       |       |       |       |   118 |    36 ||   154
       Statue Form       |       |       |       |       |       |    35 ||    35
       Manifold Assault  |       |       |       |       |       |    17 ||    17
Invok: Lunge             |       |    18 |    16 |    25 |    26 |     3 ||    88
       Whirlwind         |       |       |       |    91 |   305 |    72 ||   468
       Serpent's Lash    |       |       |       |     4 |    18 |     4 ||    26
 Abil: Wall Jump         |       |       |       |     4 |    12 |     2 ||    18
       End Transformatio |       |       |       |       |     2 |       ||     2
Evoke: Wand              |       |       |       |    10 |    22 |     1 ||    33
       Lightning rod     |       |       |       |       |     2 |       ||     2
  Use: Scroll            |     2 |     5 |     5 |    13 |    18 |     2 ||    45
       Potion            |       |       |     3 |     3 |     7 |     6 ||    19
 Stab: Sleeping          |     2 |     1 |       |       |     1 |       ||     4
       Paralysed         |       |       |       |     6 |       |       ||     6
       Invisible         |       |       |       |       |     8 |       ||     8
       Distracted        |       |       |       |       |     2 |       ||     2
Armor: Robe              |    24 |    11 |    47 |     5 |       |       ||    87
       Skin              |       |       |       |   172 |   211 |   206 ||   589
       Steam dragon scal |       |       |       |    47 |    94 |    28 ||   169
       Acid dragon scale |       |       |       |       |    31 |       ||    31
Dodge: Dodged            |    30 |    40 |    94 |   339 |   579 |   292 ||  1374

Table legend: (Time is in decaauts)
 A = Elapsed time spent in this place.
 B = Non-inter-level travel time spent in this place.
 C = Inter-level travel time spent in this place.
 D = Time resting spent in this place.
 E = Time spent auto-exploring this place.
 F = Levels seen in this place.
 G = Mean time per level.
                   A        B        C        D        E       F      G
               +--------+--------+--------+--------+--------+-----+--------+
         Total |  35834 |  32675 |   3159 |   6265 |  16473 |  30 | 1194.5 |
       Dungeon |  18570 |  16670 |   1900 |   2098 |   9928 |  15 | 1238.0 |
        Temple |    186 |    168 |     18 |      0 |    155 |   1 |  186.0 |
          Lair |   9580 |   8750 |    830 |   2191 |   4692 |   5 | 1916.0 |
   Spider Nest |   4617 |   4273 |    344 |   1187 |   1029 |   4 | 1154.2 |
  Orcish Mines |   1366 |   1299 |     67 |    136 |    481 |   2 |  683.0 |
        Bazaar |    104 |    104 |      0 |     54 |      0 |   1 |  104.0 |
        Bailey |    830 |    830 |      0 |    469 |     69 |   1 |  830.0 |
      Ice Cave |    578 |    578 |      0 |    129 |    119 |   1 |  578.0 |
               +--------+--------+--------+--------+--------+-----+--------+

Top non-repeatable levels by time:
  Lair:3: 2671 daAuts
  Lair:5: 2195 daAuts
  Lair:4: 1968 daAuts
Spider:3: 1874 daAuts
    D:15: 1775 daAuts
    D:14: 1638 daAuts
     D:7: 1602 daAuts
     D:9: 1585 daAuts
     D:8: 1579 daAuts
  Lair:2: 1478 daAuts
Spider:1: 1389 daAuts
Spider:2: 1317 daAuts
  Lair:1: 1266 daAuts
     D:3: 1264 daAuts
     D:6: 1233 daAuts
